 Dungeon Crawl Stone Soup version 0.31-a0-940-gdaa99269f9 (webtiles) character file.

Game seed: 11871692481404056677

169 Arzdou the Ruffian (level 5, 0/33 HPs)
             Began as an Octopode Shapeshifter on Oct 20, 2023.
             Slain by a bullfrog (6 damage)
             ... in a sewer.
             The game lasted 00:06:05 (2480 turns).

Arzdou the Ruffian (Octopode Shapeshifter)          Turns: 2480, Time: 00:06:06

Health: 0/33       AC:  1    Str: 14    XL:     5   Next: 50%
Magic:  5/5        EV: 13    Int: 14    God:
Gold:   115        SH:  0    Dex: 11    Spells: 4/4 levels left

rFire   . .          .
                       - Unarmed
rCold   . . .        (no shield)
rNeg    . . .        (helmet currently unavailable)
rPois   .            (no amulet)
rElec   .            (no ring)
rCorr   .            (no ring)
SInv    .            (no ring)
Will    .....        (no ring)
Stlth   +++          (no ring)
HPRegen 0.25/turn    (no ring)
MPRegen 0.09/turn    (no ring)
                     (no ring)

%: no passive effects
@: beast-form
A: beast (slay +2), almost no armour, amphibious, 8 rings, camouflage 1,
gelatinous body 1, nimble swimmer 1, tentacles
a: Begin Untransformation


You were in a sewer.
You were a hulking beast.
You visited 1 branch of the dungeon, and saw 3 of its levels.
You also visited: Sewer.

You collected 115 gold pieces.

Inventory:

Missiles
 a - a throwing net
Talismans
 b - a beast talisman (active)
 c - a flux talisman
Wands
 j - a wand of paralysis (8)
Scrolls
 h - a scroll of blinking
 i - 3 scrolls of revelation {unknown}
 m - 3 scrolls of identify {unknown}
 n - a scroll of enchant armour {unknown}
Potions
 d - a potion of might {unknown}
 e - a potion of heal wounds {unknown}
 g - a potion of mutation {unknown}
 k - a potion of brilliance {unknown}
 l - a potion of curing {unknown}
 o - a potion of enlightenment {unknown}


   Skills:
 - Level 1.0 Fighting
 - Level 2.0 Dodging
 + Level 5.0 Unarmed Combat
 + Level 4.2 Shapeshifting


You had 4 spell levels left.
You didn't know any spells.
Your spell library contained the following spells:

 Spells                   Type           Power      Damage    Failure   Level
 Magic Dart               Conj           0%         1d3       28%         1
 Call Imp                 Summ           0%         N/A       41%         2
 Poisonous Vapours        Pois/Air       0%         N/A       41%         2
 Mephitic Cloud           Conj/Pois/Air  0%         N/A       65%         3
 Freezing Cloud           Conj/Ice/Air   0%         6-21      100%        5
 Simulacrum               Ice/Necr       0%         N/A       100%        6
 Ozocubu's Refrigeration  Ice            0%         4d7       100%        7
 Polar Vortex             Ice            0%         N/A       100%        9


Dungeon Overview and Level Annotations

Branches:
Dungeon (3/15)              Sewer (1/1)

Altars:
Elyvilon

Shops:
D:3 *


Innate Abilities, Weirdness & Mutations

You are a hulking beast.
Your limbs bulge with bestial killing power. (Slay +2)
You cannot wear most types of armour.
You are amphibious.
You can wear up to eight rings at the same time.
Your skin changes colour to match your surroundings (Stealth+).
Your rubbery body absorbs attacks. (AC +1, EV +1)
You are camouflaged when in or above water. (Stealth+)
You have tentacles for arms and can constrict up to eight enemies at once.


Message History

The helpless quokka fails to defend itself.
You tentacle-slap the quokka. You grab the quokka.
The quokka is moderately wounded.
You constrict the quokka.
The quokka splashes around in the water.
You tentacle-slap the quokka.
You kill the quokka!
You enter the shallow water.
You enter the shallow water.
Found a club.
Found a scroll of blinking and 7 gold pieces.
You enter the shallow water.
A quokka comes into view.
A frilled lizard comes into view.
You enter the shallow water. 2 bullfrogs come into view.
The bullfrog snags a nearby centipede with its tongue.
The bullfrog hits you!
You enter the shallow water.
The bullfrog hits you!
The quokka splashes around in the water.
The bullfrog barely misses you.
You tentacle-slap the bullfrog. Your grab misses the bullfrog.
The bullfrog is lightly wounded.
The bullfrog misses you. The quokka closely misses you.
You closely miss the bullfrog. Your grab misses the bullfrog.
The bullfrog is lightly wounded.
The bullfrog hits you but does no damage.
The quokka bites you.
Unknown command.
You closely miss the bullfrog. You grab the bullfrog.
The bullfrog is lightly wounded.
You constrict the bullfrog. The bullfrog hits you. The quokka bites you.
The bullfrog hits you!
* * * LOW HITPOINT WARNING * * *
Unknown command.
Okay, then.
As you read the scroll labelled NEWI ZYMARPHE, it crumbles to dust.
It is a scroll of amnesia.
You feel forgetful for a moment.
You constrict the bullfrog. The bullfrog hits you.
You die...

#..~#########~....##
####~~.~~.~~..~####~~∩#
##~~#~~~.~#####~~~~#####
####~~~#######~∩.#.~~~~~~##
##~~.~~~~#..~~~~~~####~.~..#
##~~~~#~~##~..~~~~~~~~###~~~.
#~~~~##†~#.~#######~.~~.##.~~
##~~~##~†##..#~~l≈≈###~~~~##..
#..~~#~.~#~~.hr~~~~≈≈##~~†~#~~
##~~.##~†~#~~..F~~~~~≈≈##~~.##~
#.†~.#~~~~#~~.~$~~~~.~≈F#.~~~#~
#∩..~#.~~~#~~.?!?..~..~≈#~~~~#~
#.~.~#~~~~#≈.~.)$$.~~~≈≈#.~~~#~
##~.~##~.~##≈~~..~~~≈≈≈##.~~##.
#~~~~#.~~~##≈≈~~~≈≈≈≈##~.~~#~.
##~.~##.~~.###≈≈≈≈≈###~~~~##~~
#~~~~##~~~~†#######~.~~~##~~~


You could see a bullfrog, a quokka and a frilled lizard (asleep).

Vanquished Creatures
  3 adders (D:3)
  3 gnolls (D:2)
  3 worms
  2 dart slugs
  8 orcs (D:3)
  9 endoplasms
  7 giant cockroaches
  2 hobgoblins (D:1)
  4 jackals (D:1)
  5 kobolds
  11 quokkas
  15 ball pythons
  3 bats
  4 frilled lizards
  4 goblins (D:1)
  4 rats
87 creatures vanquished.

Notes
Turn   | Place    | Note
-------+----------+-------------------------------------------
     0 | D:1      | Arzdou the Octopode Shapeshifter began the quest for the
                  | Orb.
     0 | D:1      | Reached XP level 1. HP: 13/13 MP: 1/1
    84 | D:1      | Reached XP level 2. HP: 18/18 MP: 2/2
   605 | D:1      | Reached XP level 3. HP: 23/23 MP: 3/3
   626 | D:1      | Reached skill level 4 in Unarmed Combat
  1332 | D:2      | Reached XP level 4. HP: 28/28 MP: 4/4
  1776 | D:3      | Found a white marble altar of Elyvilon.
  1982 | D:3      | Found Poffuutabo's Assorted Antiques.
  1985 | D:3      | Reached XP level 5. HP: 33/33 MP: 5/5
  2129 | D:3      | Found a glowing drain.
  2235 | Sewer    | Entered a sewer
  2354 | Sewer    | Reached skill level 5 in Unarmed Combat
  2480 | Sewer    | Slain by a bullfrog

Illustrated notes

Levels and vault maps discovered:
D:1:      psy_arrival_heroes, layout_loops_ring
D:2:      layout_basic
D:3:      layout_basic, nicolae_elyvilon_temple_path, serial_shops, shop,
          portal_sewer_entry_b, kennysheep_doodads
Sewer:    sewer_frog_island_02

Skill      XL: |  1  2  3  4  5 |
---------------+----------------+-----
Unarmed Combat | 4 5 |  5.0
Shapeshifting  | 4 |  4.2
Fighting       | |  1.0
Dodging        | |  2.0

Action                     |  1- 3 |  4- 6 || total
---------------------------+-------+-------++-------
  Melee: Unarmed           |    69 |    78 ||   147
         Constrict         |    17 |    18 ||    35
         Tentacles         |    13 |    14 ||    27
         Punch             |     1 |       ||     1
    Use: Potion            |     1 |       ||     1
         Scroll            |       |     1 ||     1
   Stab: Sleeping          |    14 |     6 ||    20
 Armour: Skin              |    28 |    26 ||    54
  Dodge: Dodged            |    31 |    26 ||    57

Table legend: (Time is in decaauts)
 A = Elapsed time spent in this place.
 B = Non-inter-level travel time spent in this place.
 C = Inter-level travel time spent in this place.
 D = Time resting spent in this place.
 E = Time spent auto-exploring this place.
 F = Levels seen in this place.
 G = Mean time per level.
                   A        B        C        D        E       F      G
               +--------+--------+--------+--------+--------+-----+--------+
         Total |   2468 |   2349 |    119 |    390 |   1368 |   4 |  617.0 |
       Dungeon |   2226 |   2107 |    119 |    390 |   1287 |   3 |  742.0 |
         Sewer |    242 |    242 |      0 |      0 |     81 |   1 |  242.0 |
               +--------+--------+--------+--------+--------+-----+--------+

Top non-repeatable levels by time:
     D:2: 949 daAuts
     D:1: 703 daAuts
     D:3: 572 daAuts
   Sewer: 242 daAuts
